 Dungeon Crawl Stone Soup version 5.6-9-g014c5a2 (webtiles) character file.

17 abdallah the Martial Artist (level 10, -2/63 HPs) *CASUAL*
             Began as an Octopode Transmuter on July 5, 2018.
             Was an Initiate of Cheibriados.
             Slain by an orc warrior
             ... wielding a +0 glaive
              (16 damage)
             ... on level 7 of the Dungeon.
             The game lasted 00:17:34 (6512 turns).

abdallah the Martial Artist (Octopode Transmuter)   Turns: 6512, Time: 00:17:36

Health: -2/63      AC:  1 (0%)Str: 10     XL:     10   Next: 48%
Magic:  11/17      EV: 16    Int: 21      God:    Cheibriados [0*[21]]
Gold:   310        SH:  0    Dex: 12 (13) Spells: 13/19 levels left

rFire    . . .     SeeInvis .     - Unarmed
rCold    . . .     Faith    .   (no shield)
rNeg     . . .     Spirit   .   (helmet restricted)
rPois    +         Reflect  .   (no amulet)
rElec    .                      f - ring of resist corrosion
rCorr    +                      h - ring of poison resistance
MR       .....                  (no ring)
Stlth    +++++++...             (no ring)
Regen    0.2/turn               (no ring)
MPRegen  0.3/turn               (no ring)
                                (no ring)
                                (no ring)

@: appendage (expiring), very slightly contaminated, studying Fire Magic, very
slow
A: almost no armour, stealthy swim, amphibious, 8 rings, constrict 8, tentacle
spike, camouflage, frail 1, wild magic 1, gelatinous body 1, MP-powered wands
a: End Transformation, Bend Time, Renounce Religion


You were on level 7 of the Dungeon.
You worshipped Cheibriados.
Cheibriados was noncommittal.
You were not hungry.
One of your tentacles had a temporary spike.
You visited 1 branch of the dungeon, and saw 7 of its levels.

You collected 310 gold pieces.

Inventory:

Missiles
 k - 180 poisoned darts (quivered)
 o - 97 tomahawks
 q - 92 javelins
Jewellery
 f - a ring of resist corrosion (left tentacle)
 h - a ring of poison resistance (right tentacle)
 p - an uncursed ring of fire
Wands
 n - a wand of acid (6)
Scrolls
 a - 3 scrolls of enchant weapon
 b - 2 scrolls of enchant armour
 d - 2 scrolls of fog
 e - 2 scrolls of fear
 j - a scroll of amnesia
 m - 2 scrolls of teleportation
 r - a scroll of silence
Potions
 c - 2 potions of mutation
 g - a potion of resistance
 i - a potion of flight
 l - a potion of cancellation


   Skills:
 + Level 7.4 Fighting
 + Level 5.5 Dodging
 - Level 8.0 Stealth
 + Level 10.9 Unarmed Combat
 + Level 1.1 Translocations
 - Level 3.0 Transmutations


You had 13 spell levels left.
You knew the following spells:

 Your Spells              Type           Power        Failure   Level  Hunger
a - Beastly Appendage     Tmut           16 (50)      9%          1    N/A
b - Blink                 Tloc           N/A          24%         2    N/A
c - Lesser Beckoning      Tloc           6 (100)      43%         3    N/A

Your spell library contained the following spells:

 Spells                   Type           Power        Failure   Level  Hunger
 Teleport Other           Tloc           6 (100)      43%         3    N/A
 Spider Form              Tmut           16 (200)     22%         3    N/A
 Blade Hands              Tmut           16 (200)     87%         5    N/A
 Ice Form                 Ice/Tmut       8 (100)      75%         4    N/A
 Passwall                 Tmut/Erth      8 (200)      21%         2    N/A
 Passage of Golubria      Tloc           N/A          82%         4    N/A

Dungeon Overview and Level Annotations

Branches:
Dungeon (7/15)

Altars:
Cheibriados
Dithmenos
Elyvilon
Gozag
Kikubaaqudgha
Nemelex Xobeh
Qazlal
Ru
Sif Muna
Trog
Uskayaw
Vehumet
Wu Jian
Xom
Yredelemnul
Zin
The Shining One


Innate Abilities, Weirdness & Mutations

You cannot wear most types of armour.
You are very stealthy in the water.
You are amphibious.
You can wear up to eight rings at the same time.
You can use your tentacles to constrict eight enemies at once.
Your skin blends seamlessly with your surroundings (Stealth+++).
Your rubbery body absorbs attacks. (AC +1, EV +1)
You are frail. (-10% HP)
Your spells are a little harder to cast, but a little more powerful.
You expend magic power (3 MP) to strengthen your wands.


Message History

You miscast Lesser Beckoning.
You are very lightly contaminated with residual magic.
You feel a wrenching sensation.
The orc priest mumbles some strange prayers to Beogh against you.
Pain shoots through your body (3)!
* * * LOW HITPOINT WARNING * * *
Casting: Lesser Beckoning (slightly dangerous; 43% risk of failure)
Confirm with . or Enter, or press ? or * to list all spells.
Aiming: Lesser Beckoning (slightly dangerous; 43% risk of failure)
Press: ? - help, Shift-Dir - straight line, f/p - orc priest
Aim: an orc priest The orc priest hurls suddenly forward!
The orc priest barely misses you.
You tentacle-slap the orc priest (4). You grab the orc priest (0).
You pierce the orc priest (10)!
The orc priest is almost dead.
You constrict the orc priest (1).
You kill the orc priest!
Cheibriados thoroughly appreciates the change of pace.
The orc warrior hits you from afar with a +0 glaive (16)!
You die...

####.. ..#...### ##
##. ......... .##$.
#..o....##.#...
................=.
#.......#........#
#....o....# ...# #o#.#
#..# #o#@# #..# ##.#.#
#..# #$.o.#####..#
#....#.........#
....#....######.######
##.>.....# #......#
##.##.### ######.###
#..... ..........#
.....$ #######.#.#


You could see an orc warrior.

Vanquished Creatures
  Grinder (D:5)
  An orc warrior (D:6)
  2 black bears
  An ogre (D:6)
  A bullfrog (D:7)
  2 water moccasin zombies (D:6)
  A wyvern skeleton (D:6)
  A water moccasin skeleton (D:5)
  6 scorpions
  A crimson imp (D:6)
  2 howler monkeys
  3 hounds
  2 quasits (D:6)
  3 jellies (D:5)
  6 orc priests
  A gnoll shaman (D:6)
  4 orc wizards
  11 worker ants
  3 iguanas
  A hound skeleton (D:5)
  A worker ant zombie (D:5)
  8 gnolls
  4 adders
  2 oozes
  A dart slug (D:3)
  18 orcs
  11 quokkas
  9 bats
  2 giant cockroaches
  4 goblins
  8 hobgoblins
  16 jackals
  A ball python (D:1)
  5 frilled lizards
  12 kobolds
  9 rats
164 creatures vanquished.

Notes
Turn   | Place    | Note
-------+----------+-------------------------------------------
     0 | D:1      | abdallah the Octopode Transmuter began the quest for the Orb.
     0 | D:1      | Reached XP level 1. HP: 13/13 MP: 2/2
   100 | D:1      | Reached XP level 2. HP: 13/18 MP: 3/3
   240 | D:1      | Reached skill level 4 in Unarmed Combat
   249 | D:1      | Reached XP level 3. HP: 23/23 MP: 4/4
   311 | D:1      | Reached skill level 1 in Stealth
   542 | D:1      | Reached XP level 4. HP: 23/28 MP: 6/6
   790 | D:1      | Gained mutation: Your spells are a little harder to cast, but a little more powerful. [mutagenic hatch]
  1063 | D:2      | Found a glowing golden altar of the Shining One.
  1063 | D:2      | Found a sparkling altar of Nemelex Xobeh.
  1191 | D:2      | Reached XP level 5. HP: 28/33 MP: 8/8
  1203 | D:2      | Reached skill level 5 in Unarmed Combat
  1478 | D:2      | Gained mutation: You are frail. (-10% HP) [mutagenic hatch]
  1582 | D:3      | Reached XP level 6. HP: 26/34 MP: 10/10
  1618 | D:3      | Found a deep blue altar of Sif Muna.
  1634 | D:3      | Reached skill level 6 in Unarmed Combat
  1656 | D:3      | Reached skill level 5 in Stealth
  1808 | D:3      | Reached XP level 7. HP: 38/40 MP: 11/11
  1827 | D:3      | Found a sparkling altar of Nemelex Xobeh.
  1851 | D:3      | Found an ancient bone altar of Kikubaaqudgha.
  2400 | D:4      | Found a shadowy altar of Dithmenos.
  2754 | D:4      | Reached skill level 7 in Unarmed Combat
  3040 | D:4      | Reached XP level 8. HP: 30/46 MP: 13/13
  3089 | D:4      | Found an ornate altar of the Wu Jian Council.
  3219 | D:4      | Found a sacrificial altar of Ru.
  3219 | D:4      | Found a shimmering altar of Xom.
  3220 | D:4      | Found a stormy altar of Qazlal.
  3220 | D:4      | Found a bloodstained altar of Trog.
  3307 | D:4      | Found a radiant altar of Vehumet.
  3516 | D:4      | Reached skill level 8 in Unarmed Combat
  3764 | D:4      | Found an opulent altar of Gozag.
  3939 | D:4      | Gained mutation: You expend magic power (3 MP) to strengthen your wands. [mutagenic hatch]
  3939 | D:5      | Entered Level 5 of the Dungeon
  4012 | D:5      | Found a basalt altar of Yredelemnul.
  4023 | D:5      | Reached XP level 9. HP: 39/54 MP: 15/15
  4033 | D:5      | Reached skill level 5 in Fighting
  4033 | D:5      | Reached skill level 9 in Unarmed Combat
  4046 | D:5      | Noticed Grinder
  4051 | D:5      | Paralysed by Grinder for 4 turns
  4059 | D:5      | Killed Grinder
  4595 | D:5      | Found a white marble altar of Elyvilon.
  4874 | D:6      | Reached skill level 10 in Unarmed Combat
  5221 | D:6      | Reached XP level 10. HP: 15/62 MP: 17/17
  6031 | D:6      | Found a snail-covered altar of Cheibriados.
  6038 | D:6      | Reached skill level 5 in Dodging
  6259 | D:6      | Became a worshipper of Cheibriados the Contemplative
  6420 | D:7      | Found a hide-covered altar of Uskayaw.
  6423 | D:7      | Found a glowing silver altar of Zin.
  6469 | D:7      | Learned a level 2 spell: Blink
  6470 | D:7      | Learned a level 3 spell: Lesser Beckoning
  6508 | D:7      | Reached skill level 1 in Translocations
  6512 | D:7      | Slain by an orc warrior

Skill      XL: |  1  2  3  4  5  6  7  8  9 10 |
---------------+-------------------------------+-----
Unarmed Combat | 4 5 6 7 8 10 | 10.9
Stealth        | 2 3 4 5 6 8 |  8.0
Fighting       | 2 3 4 6 7 |  7.4
Dodging        | 4 5 |  5.5
Translocations | 1 |  1.1
Transmutations | |  3.0

Action                   |  1- 3 |  4- 6 |  7- 9 | 10-12 || total
-------------------------+-------+-------+-------+-------++-------
Melee: Unarmed           |    43 |    90 |   181 |    52 ||   366
       Tentacles         |     8 |    12 |    22 |    11 ||    53
       Constrict         |    14 |    18 |    48 |    14 ||    94
       Kick              |     7 |    17 |    43 |     9 ||    76
       Punch             |       |     2 |    10 |     3 ||    15
 Cast: Beastly Appendage |     1 |       |       |       ||     1
       Lesser Beckoning  |       |       |       |     1 ||     1
  Use: Potion            |       |       |     2 |       ||     2
       Scroll            |       |       |     1 |     1 ||     2
 Stab: Sleeping          |    10 |    19 |    30 |     7 ||    66
Armor: Skin              |     2 |     4 |     3 |     3 ||    12
Dodge: Dodged            |    24 |    62 |    55 |    37 ||   178
